 Dungeon Crawl Stone Soup version 0.30.0-13-g156ef70053 (webtiles) character file.

Game seed: 12395216267093335196

186 Kranky the Ducker (level 5, -10/46 HPs)
             Began as a Minotaur Gladiator on May 17, 2023.
             Mangled by Blork the orc
             ... wielding a +0 battleaxe
              (14 damage)
             ... on level 4 of the Dungeon.
             The game lasted 00:02:44 (2521 turns).

Kranky the Ducker (Minotaur Gladiator)              Turns: 2521, Time: 00:02:44

Health: -10/46     AC:  3    Str: 21    XL:     5   Next: 38%
Magic:  4/4        EV: 13    Int:  5    God:
Gold:   176        SH:  0    Dex: 11    Spells: 4/4 levels left

rFire   x . .        h - +2 dagger (venom)
rCold   . . .        (no shield)
rNeg    + . .        A - +0 leather armour of Elitism {rElec rF- rN+ Will+}
rPois   .            c - +0 hat
rElec   +            (no cloak)
rCorr   .            (no gloves)
SInv    .            (no boots)
Will    +....        (no amulet)
Stlth   +            (no ring)
HPRegen 0.27/turn    (no ring)
MPRegen 0.09/turn

%: no passive effects
@: no status effects
A: horns 2, retaliatory headbutt
a: no special abilities


You were on level 4 of the Dungeon.
You visited 1 branch of the dungeon, and saw 4 of its levels.

You collected 176 gold pieces.

Inventory:

Hand Weapons
 a - a +0 trident
 h - a +2 dagger of venom (weapon)
Missiles
 d - 3 throwing nets (quivered)
 e - a javelin
Armour
 b - a +0 leather armour
 c - a +0 hat (worn)
 t - a +0 ring mail
 A - the +0 leather armour of Elitism (worn) {rElec rF- rN+ Will+}
   (You found it on level 3 of the Dungeon)

   rF:        It makes you vulnerable to fire.
   rElec:     It insulates you from electricity.
   rN:        It protects you from negative energy.
   Will:      It increases your willpower.
Jewellery
 k - a ring of protection from fire
 w - a ring of wizardry
Scrolls
 f - 4 scrolls of identify {unknown}
 i - a scroll of enchant weapon {unknown}
 l - 2 scrolls of blinking {unknown}
 m - a scroll of silence {unknown}
 q - 2 scrolls of magic mapping {unknown}
 r - 2 scrolls of fog {unknown}
 v - a scroll of fear {unknown}
 y - 2 scrolls of amnesia {unknown}
 z - a scroll of enchant armour {unknown}
Potions
 g - a potion of degeneration {unknown}
 j - 2 potions of heal wounds {unknown}
 n - 2 potions of curing {unknown}
 o - 2 potions of attraction {unknown}
 p - a potion of brilliance {unknown}
 s - a potion of haste {unknown}
 u - 2 potions of flight {unknown}
 x - a potion of might {unknown}


   Skills:
 + Level 4.0 Fighting
 - Level 3.8 Polearms
 + Level 3.2 Throwing
 + Level 2.7 Armour
 + Level 4.4 Dodging


You had 4 spell levels left.
You didn't know any spells.
Your spell library contained the following spells:

 Spells                   Type           Power      Damage    Failure   Level
 Gell's Gravitas          Tloc           0%         N/A       88%         3
 Teleport Other           Tloc           0%         N/A       88%         3
 Dispersal                Tloc           0%         N/A       100%        6


Dungeon Overview and Level Annotations

Branches:
Dungeon (4/15)
 Temple: D:4-7

Altars:
Dithmenos
Elyvilon

Annotations:
D:4 Blork the orc


Innate Abilities, Weirdness & Mutations

You have a pair of horns on your head.
You reflexively headbutt those who attack you in melee.


Message History

You continue putting on the +0 leather armour of Elitism {rElec rF- rN+ Will+}. x5
You finish putting on the +0 leather armour of Elitism {rElec rF- rN+ Will+}.
There is an escape hatch in the ceiling here.
There is a stone staircase leading down here.
You climb downwards.
You hear the sound of rushing water.
There is an entrance to a sewer on this level.
Hurry and find it before the portal rusts away!
Found a stone staircase leading down.
There is a stone staircase leading up here.
As you open the door, it creaks loudly!
You hear a shout!
Blork the orc comes into view.
He is wielding a +0 battleaxe.
Blork the orc gestures at you while chanting.
The puff of frost hits you!
There is an open door here.
You close the door.
You start resting.
Blork the orc opens the door.
He is wielding a +0 battleaxe.
Blork the orc hits you with a +0 battleaxe!
There is a broken door, spattered with blood here.
You hit Blork the orc. You headbutt Blork the orc!
Blork the orc is heavily wounded.
Blork the orc hits you with a +0 battleaxe!
* * * LOW HITPOINT WARNING * * *
You closely miss Blork the orc.
Blork the orc is heavily wounded.
Blork the orc casts a spell at you. The magic dart hits you.
* * * LOW HITPOINT WARNING * * *
You hit Blork the orc but do no damage. Your headbutt misses Blork the orc.
Blork the orc is heavily wounded.
Blork the orc casts a spell at you. The magic dart hits you.
* * * LOW HITPOINT WARNING * * *
You hit Blork the orc.
Blork the orc is poisoned.
Blork the orc is heavily wounded.
Blork the orc closely misses you.
Sorry, you're not good enough to have a special ability.
Blork the orc attacks as you move away!
Blork the orc hits you with a +0 battleaxe!
You die...

#########
#.......## .
.......<.####...#
........@o.......
.........####....
#.......## #
##.....## ##..>#
##+#


You could see Blork the orc (very poisoned).

Vanquished Creatures
  A bullfrog (D:3)
  Jessica (D:2)
  4 adders
  A worm (D:3)
  A dart slug (D:1)
  7 endoplasms
  5 giant cockroaches
  3 goblins
  4 hobgoblins
  7 jackals (D:1)
  4 kobolds
  2 quokkas
  2 ball pythons
  7 bats
  2 frilled lizards
51 creatures vanquished.

Notes
Turn   | Place    | Note
-------+----------+-------------------------------------------
     0 | D:1      | Kranky the Minotaur Gladiator began the quest for the Orb.
     0 | D:1      | Reached XP level 1. HP: 18/18 MP: 0/0
   224 | D:1      | Reached XP level 2. HP: 25/25 MP: 1/1
   268 | D:1      | Reached skill level 1 in Armour
   382 | D:1      | Reached XP level 3. HP: 22/31 MP: 2/2
  1077 | D:2      | Noticed Jessica
  1081 | D:2      | Killed Jessica
  1082 | D:2      | Reached XP level 4. HP: 25/38 MP: 3/3
  1806 | D:3      | Found a faded altar of an unknown god.
  1817 | D:3      | Identified the +0 leather armour of Elitism {rElec rF- rN+
                  | Will+}
  1824 | D:3      | Found a shadowy altar of Dithmenos.
  1827 | D:3      | Noticed a bullfrog
  1834 | D:3      | Killed a bullfrog
  1835 | D:3      | Reached XP level 5. HP: 24/46 MP: 4/4
  1954 | D:3      | Found a white marble altar of Elyvilon.
  2507 | D:4      | Noticed Blork the orc
  2521 | D:4      | Mangled by Blork the orc

Illustrated notes

Levels and vault maps discovered:
D:1:      minmay_arrival_wavy_path, layout_basic, minmay_pentomino_z2
D:2:      layout_loops_ring, uniq_jessica
D:3:      layout_loops_cross, old_standard_altar, mainiacjoe_overflow_catwalk,
          basic_ecumenical_altar
D:4:      layout_loops_corners, temple_green, portal_sewer_entry_f,
          serial_rivers, chequers_serial_rivers_micro_a,
          chequers_serial_rivers_room_a, chequers_serial_rivers_large_b,
          chequers_serial_rivers_small_b, chequers_serial_rivers_small_3,
          uniq_menkaure, uniq_blork_the_orc

Skill      XL: |  1  2  3  4  5 |
---------------+----------------+-----
Armour         | 1 2 |  2.7
Fighting       | 3 4 |  4.0
Dodging        | 4 |  4.4
Throwing       | 3 |  3.2
Polearms       | |  3.8

Action                     |  1- 3 |  4- 6 || total
---------------------------+-------+-------++-------
  Melee: Dagger            |    53 |    60 ||   113
         Trident           |     4 |       ||     4
         Headbutt          |     8 |     7 ||    15
 Armour: Leather armour    |    18 |     1 ||    19
         Ring mail         |       |    13 ||    13
  Dodge: Dodged            |    39 |    31 ||    70
